 Dungeon Crawl Stone Soup version 0.19.4-12-gccf7e64 (webtiles) character file.

23338 Jynx the Bludgeoner (level 12, -12/116 HPs)
             Began as a Minotaur Fighter on Feb 27, 2017.
             Was the Champion of Okawaru.
             Killed from afar by a lindwurm (17 damage)
             ... with a blast of flame
             ... on level 3 of the Lair of Beasts.
             The game lasted 00:21:53 (12985 turns).

Jynx the Bludgeoner (Minotaur Fighter)             Turns: 12985, Time: 00:21:53

Health: -12/116    AC: 20    Str: 24    XL:     12   Next: 71%
Magic:  12/13      EV: 12    Int:  5    God:    Okawaru [******]
Gold:   791        SH: 13    Dex: 15    Spells: 0 memorised, 11 levels left

rFire  . . .     SeeInvis .     t - +2 flail of Disintegration {crush, +Inv rC+ rN+ Dex+3}
rCold  + . .     Gourm    .     b - +0 scale mail
rNeg   + . .     Faith    .     E - +2 shield {AC+3}
rPois  .         Spirit   .     (helmet restricted)
rElec  .         Reflect  .     c - +2 cloak
rCorr  .         Harm     .     K - +0 pair of gloves
MR     .....                    g - +1 pair of boots
Stlth  ..........               (no amulet)
                                y - ring of loudness (curse)
                                H - +3 ring of protection

@: flying
A: retaliatory headbutt, horns 2
a: Heroism, Finesse, Renounce Religion, Evoke Invisibility


You were on level 3 of the Lair of Beasts.
You worshipped Okawaru.
Okawaru was exalted by your worship.
You were not hungry.

You visited 3 branches of the dungeon, and saw 14 of its levels.
You also visited: Volcano.

You collected 791 gold pieces.

Inventory:

Hand Weapons
 t - the +2 flail of Disintegration (weapon) {crush, +Inv rC+ rN+ Dex+3}
   (You took it off an orc on level 6 of the Dungeon)

   It inflicts extra damage upon your enemies.
   It affects your dexterity (+3).
   It protects you from cold.
   It protects you from negative energy.
   It lets you turn invisible.
Armour
 b - a +0 scale mail (worn)
 c - a +2 cloak (worn)
 g - a +1 pair of boots (worn)
 E - a +2 shield of protection (worn)
 K - a +0 pair of gloves (worn)
Rods
 G - a +5 rod of clouds (13/13)
   (You found it on level 9 of the Dungeon)
Jewellery
 y - a cursed ring of loudness (right hand)
 H - a +3 ring of protection (left hand)
Wands
 k - a wand of flame (31/48)
 B - a wand of digging (16/24)
 F - a wand of confusion (36/48)
Scrolls
 e - 3 scrolls of teleportation
 h - 3 scrolls of magic mapping
 s - a scroll of amnesia
 z - 2 scrolls of fear
 D - a scroll of recharging
Potions
 d - 3 potions of might
 i - a potion of flight
 j - a potion of berserk rage
 m - 3 potions of mutation
 n - 4 potions of lignification
 p - 5 potions of curing
 q - a potion of magic {unknown}
 r - 3 potions of heal wounds
 u - a potion of experience {unknown}
 x - 2 potions of degeneration {unknown}
 A - a potion of haste {unknown}
 C - a potion of ambrosia {unknown}
 I - a potion of resistance {unknown}
Comestibles
 a - 4 fruits
 f - 4 bread rations
 l - 6 beef jerkies
 o - 10 meat rations
 v - 9 slices of pizza
 w - 2 royal jellies


   Skills:
 + Level 13.9 Fighting
 + Level 17.3 Maces & Flails
 + Level 7.2 Armour
 + Level 5.5 Dodging
 + Level 7.1 Shields
 + Level 2.8 Invocations


You had 11 spell levels left.
You didn't know any spells.

Dungeon Overview and Level Annotations

Branches:
Dungeon (10/15)            Temple (1/1) D:4            Lair (3/6) D:9
 Shoals (0/4) Lair:3        Snake (0/4) Lair:3
    Orc: D:9-12

Altars:
Ashenzari
Cheibriados
Dithmenos
Elyvilon
Fedhas
Gozag
Hepliaklqana
Kikubaaqudgha
Makhleb
Nemelex Xobeh
Okawaru
Qazlal
Ru
Sif Muna
Trog
Uskayaw
Vehumet
Xom
Yredelemnul
Zin
The Shining One

Shops:
D:4 *

Annotations:
Lair:1 exclusion: 3 oklob plants


Innate Abilities, Weirdness & Mutations

You reflexively headbutt those who attack you in melee.
You have a pair of horns on your head.


Message History

The blast of flame hits you!
You thump the lindwurm!
The lindwurm is moderately wounded.
You feel like a meek peon again.
You barely miss the lindwurm.
You headbutt the lindwurm, but do no damage.
The lindwurm is moderately wounded.
You block the lindwurm's attack. x2; The lindwurm barely misses you.
You sock the lindwurm! You headbutt the lindwurm.
The lindwurm is almost dead.
You hit the lindwurm but do no damage. You headbutt the lindwurm.
The lindwurm is almost dead.
The lindwurm breathes flames at you. The blast of flame misses you.
The lindwurm breathes flames at you. The blast of flame hits you!
* * * LOW HITPOINT WARNING * * *
The lindwurm breathes flames at you. The blast of flame hits you!
You die...

..#....≈§≈§§≈.§§.≈§≈≈§§§......#
......≈≈≈≈§.§.##...≈≈≈§§§.....##
..#...≈§§§≈..####†§§≈≈§§.(....P#
..P..§§≈§§..#.[).#..§§≈≈.......+
.....§≈≈≈§..####k.≈≈§≈§§..####..
......≈§≈≈≈..§##@..≈≈≈§≈§........
.......≈≈≈§§§.k.k§§§≈§§§.........
.......≈≈≈≈§§§≈§§§§§≈§≈..........
........§≈≈§≈§≈≈≈≈≈≈≈§....####...
.##......≈§≈≈§§§≈≈§§§......# ##..
. ###.....§≈§§≈§≈≈§......+### #..
. .##.>......§≈≈.......)....###..
.....+.................#......+..
...###.....##.##.......##...#....


You could see 3 lindwurms.

Vanquished Creatures
  Gastronok (D:9)
  2 hydras (Lair:2)
  A wizard (D:9)
  Pikel (D:4)
  A lindwurm (Lair:3)
  A hill giant (D:10)
  An oklob plant (Lair:1)
  2 salamanders (Volcano)
  A manticore (Lair:3)
  2 black mambas (Lair:3)
  The ghost of sheala the Destroyer, a novice DECj of Vehumet (D:5)
  7 spiny frogs
  2 centaur skeletons
  A rime drake (Lair:2)
  4 komodo dragons
  A polar bear (Lair:2)
  6 hippogriffs
  5 blink frogs (Lair:2)
  Sigmund (D:5)
  A wyvern (D:9)
  A human (D:7)
  Eustachio (D:6)
  4 hogs (D:7)
  9 yaks (Lair:2)
  5 fire bats (Volcano)
  A basilisk (Lair:3)
  A vampire mosquito (D:7)
  A hungry ghost (D:9)
  12 water moccasins
  2 hell hounds (Lair:2)
  4 porcupines
  2 black bears
  3 ice beasts
  4 orc warriors
  3 sky beasts
  3 slaves
  3 necrophages
  5 ogres
  A phantom (D:7)
  4 centaurs
  3 crocodiles
  8 bullfrogs
  A wyvern zombie (D:8)
  2 scorpions
  2 killer bees
  2 howler monkeys
  10 wights
  5 lava snakes (Volcano)
  A centaur zombie (D:6)
  7 hounds
  2 crimson imps
  4 jellies
  2 orc priests (D:9)
  A bullfrog skeleton (D:7)
  6 orc wizards
  2 iguanas
  10 worker ants
  A killer bee zombie (D:7)
  A hound skeleton (D:4)
  A worker ant zombie (D:6)
  Robin (D:3)
  17 adders
  4 shadow imps
  3 oozes (D:3)
  An adder zombie (D:9)
  4 adder skeletons
  A worm (D:3)
  3 dart slugs (D:1)
  5 leopard geckos
  37 orcs
  7 bats
  5 giant cockroaches
  14 goblins
  14 hobgoblins
  6 jackals
  5 kobolds
  7 quokkas
  A ball python (Lair:3)
  10 frilled lizards
  A giant cockroach zombie (D:6)
  A jackal skeleton (D:7)
  A quokka skeleton (D:4)
  12 rats
  A fungus (D:9)
343 creatures vanquished.

Vanquished Creatures (others)
  A bullfrog zombie (D:5)
  An adder (D:9)
  8 fungi
  3 plants
13 creatures vanquished.

Grand Total: 356 creatures vanquished

Notes
Turn   | Place    | Note
-------+----------+-------------------------------------------
     0 | D:1      | Jynx the Minotaur Fighter began the quest for the Orb.
     0 | D:1      | Reached XP level 1. HP: 19/19 MP: 0/0
    85 | D:1      | Reached skill level 3 in Maces & Flails
   102 | D:1      | Reached XP level 2. HP: 27/27 MP: 1/1
   487 | D:1      | Reached XP level 3. HP: 33/33 MP: 2/2
   873 | D:2      | Reached skill level 4 in Maces & Flails
   997 | D:2      | Reached XP level 4. HP: 40/41 MP: 3/3
  1616 | D:3      | Noticed Robin
  1625 | D:3      | Reached skill level 5 in Maces & Flails
  1627 | D:3      | Killed Robin
  1627 | D:3      | Reached skill level 5 in Fighting
  1732 | D:3      | Found a blossoming altar of Fedhas.
  1788 | D:3      | Noticed an ogre
  1796 | D:3      | Killed an ogre
  1796 | D:3      | Reached XP level 5. HP: 13/48 MP: 4/4
  1901 | D:3      | Reached skill level 6 in Maces & Flails
  2091 | D:3      | Found a faded altar of an unknown god.
  2123 | D:3      | Reached XP level 6. HP: 49/56 MP: 5/5
  2401 | D:4      | Found Haolyeta's General Store.
  2651 | D:4      | Reached skill level 7 in Maces & Flails
  2669 | D:4      | Found a staircase to the Ecumenical Temple.
  2681 | Temple   | Entered the Ecumenical Temple
  2992 | D:4      | Noticed a sky beast
  3002 | D:4      | Killed a sky beast
  3002 | D:4      | Reached XP level 7. HP: 37/64 MP: 6/6
  3254 | D:5      | Entered Level 5 of the Dungeon
  3282 | D:5      | Noticed sheala's ghost (novice DECj)
  3290 | D:5      | Killed sheala's ghost
  3290 | D:5      | Reached skill level 8 in Maces & Flails
  3453 | D:5      | Noticed Pikel
  3727 | D:5      | Reached skill level 9 in Maces & Flails
  3769 | D:5      | Reached XP level 8. HP: 59/73 MP: 7/7
  4017 | D:5      | Noticed Sigmund
  4052 | D:5      | Killed Sigmund
  4163 | D:5      | Reached skill level 10 in Maces & Flails
  4444 | D:4      | Killed Pikel
  4444 | D:4      | Reached skill level 11 in Maces & Flails
  4633 | D:5      | Reached XP level 9. HP: 71/83 MP: 8/8
  4730 | D:5      | Found an iron altar of Okawaru.
  4730 | D:5      | Found a shimmering altar of Xom.
  4731 | D:5      | Found a shadowy altar of Dithmenos.
  4737 | D:5      | Became a worshipper of Warmaster Okawaru
  4839 | D:5      | Reached skill level 12 in Maces & Flails
  5214 | D:6      | Got a crystal flail {crush}
  5215 | D:6      | Identified the cursed +2 flail of Disintegration {crush, +Inv rC+ rN+ Dex+3} (You took it off an orc on level 6 of the Dungeon)
  5623 | D:6      | Reached * piety under Okawaru
  5821 | D:6      | Noticed Eustachio
  5835 | D:6      | Killed Eustachio
  5835 | D:6      | Reached skill level 10 in Fighting
  6020 | D:7      | Reached skill level 13 in Maces & Flails
  6396 | D:7      | Reached ** piety under Okawaru
  6396 | D:7      | Reached XP level 10. HP: 63/94 MP: 9/9
  6637 | D:7      | Reached skill level 14 in Maces & Flails
  7836 | D:9      | Found a white marble altar of Elyvilon.
  7852 | D:9      | Reached *** piety under Okawaru
  7958 | D:9      | Noticed a wizard
  7966 | D:9      | Paralysed by a wizard for 4 turns
  7987 | D:9      | Noticed Gastronok
  8023 | D:9      | Paralysed by a wizard for 3 turns
  8412 | D:8      | Reached skill level 15 in Maces & Flails
  8514 | D:9      | Found a staircase to the Lair.
  8799 | D:9      | Paralysed by a wizard for 2 turns
  8811 | D:9      | Killed a wizard
  8811 | D:9      | Reached **** piety under Okawaru
  9221 | D:9      | Reached XP level 11. HP: 104/104 MP: 10/10
  9287 | D:9      | Killed Gastronok
  9287 | D:9      | Reached skill level 16 in Maces & Flails
  9326 | D:10     | Entered Level 10 of the Dungeon
  9326 | D:10     | Noticed a hill giant
  9332 | D:10     | Killed a hill giant
  9394 | Lair:1   | Entered Level 1 of the Lair of Beasts
  9502 | Lair:1   | Reached ***** piety under Okawaru
  9655 | Lair:1   | Reached skill level 1 in Dodging
  9688 | Lair:1   | Noticed an oklob plant
  9693 | Lair:1   | Noticed an oklob plant
  9694 | Lair:1   | Noticed an oklob plant
  9704 | Lair:1   | Killed an oklob plant
  9705 | Lair:1   | Noticed an oklob plant
 10369 | Lair:2   | Received a gift from Okawaru
 10389 | Lair:2   | Reached skill level 5 in Shields
 10494 | Lair:2   | Found a dark tunnel.
 10506 | Lair:2   | Reached skill level 5 in Armour
 10687 | Volcano  | Entered a volcano
 11012 | Volcano  | Reached XP level 12. HP: 57/115 MP: 9/11
 11583 | Lair:2   | Noticed a seven-headed hydra
 11600 | Lair:2   | Killed a seven-headed hydra
 11600 | Lair:2   | Reached skill level 17 in Maces & Flails
 11602 | Lair:2   | Noticed a five-headed hydra
 11612 | Lair:2   | Killed a five-headed hydra
 12104 | Lair:2   | Reached skill level 1 in Invocations
 12360 | Lair:3   | Found a staircase to the Snake Pit.
 12562 | Lair:3   | Reached skill level 5 in Dodging
 12601 | Lair:3   | Found a staircase to the Shoals.
 12608 | Lair:3   | Received a gift from Okawaru
 12974 | Lair:3   | Reached ****** piety under Okawaru
 12985 | Lair:3   | HP: 5/116 [lindwurm/blast of flame (40)]
 12985 | Lair:3   | Killed from afar by a lindwurm

Skill      XL: |  1  2  3  4  5  6  7  8  9 10 11 12 |
---------------+-------------------------------------+-----
Maces & Flails | 3 4 5 6 7 9 11 13 15 16 17 | 17.3
Fighting       | 4 5 6 7 9 10 12 13 | 13.9
Dodging        | 3 5 |  5.5
Armour         | 5 7 |  7.2
Shields        | 5 7 |  7.1
Invocations    | 2 |  2.8

Action                   |  1- 3 |  4- 6 |  7- 9 | 10-12 || total
-------------------------+-------+-------+-------+-------++-------
Melee: Flail             |    96 |   146 |   246 |   593 ||  1081
       Headbutt          |    13 |    23 |    60 |   143 ||   239
       Punch             |       |       |       |     2 ||     2
Invok: Heroism           |       |       |       |     7 ||     7
  Use: Scroll            |       |     9 |     5 |     9 ||    23
       Potion            |       |       |       |     1 ||     1
  Eat: Chunk             |       |     6 |    12 |    17 ||    35
       Bread ration      |       |       |       |     1 ||     1
       Fruit             |       |       |       |     1 ||     1
       Pizza             |       |       |       |     1 ||     1
Armor: Scale mail        |    59 |    75 |    86 |   232 ||   452
Dodge: Dodged            |    42 |    73 |    96 |   182 ||   393
Block: Shield            |       |       |       |   190 ||   190
